AoeStats
← mats931

Arena

510389396Analyzed
2v2 RM · 1d ago on Sep 30, 2026· 43m 50s· 4 players
Game mode
Random Map
Map size
Medium (4 player)
Population
200
Speed
Normal
Resources
Standard
Victory
Conquest
Starting age
Dark Age
Ending age
Imperial Age
RankedLock teamsTeams togetherTeam positionsShared explorationLock speedFull tech treeHidden civsTurbo modeCheats
Victory
Defeat
🇫🇷 Slavs · France
914
+17
🇨🇿 Teutons · Czechia
912
+17
🇩🇪 Danes · Germany
931
-17
🇩🇪 Saracens · Germany
931
-17
poruba15
0:27 Loom
13:52 Feudal Age
15:59 Stone Mining
15:57 Double-Bit Axe
15:54 Horse Collar
16:21 Gold Mining
17:23 Wheelbarrow
20:01 Castle Age
19:38 Town Watch
23:04 Hand Cart
31:24 Imperial Age
30:30 Town Patrol
32:33 Conscription
35:57 Cavalier
36:48 Bloodlines
37:42 Heavy Plow
38:20 Stone Shaft Mining
43:43 Paladin
statere26
4:08 Loom
11:08 Feudal Age
16:14 Castle Age
14:27 Double-Bit Axe
16:57 Horse Collar
17:18 Man-at-Arms
23:54 Forging
24:09 Heavy Plow
26:48 Bow Saw
28:12 Wheelbarrow
28:03 Bloodlines
30:09 Scale Barding Armor
33:13 Imperial Age
31:17 Detinets
31:07 Long Swordsman
31:42 Pikeman
33:20 Halberdier
34:55 Light Cavalry
37:30 Sanctity
38:13 Hand Cart
37:44 Town Watch
38:40 Iron Casting
40:04 Two-Man Saw
41:10 Hoardings
41:40 Blast Furnace
42:01 Crop Rotation
42:59 Block Printing
43:20 Squires
43:46 Chain Barding Armor
mats931
0:26 Loom
10:58 Feudal Age
12:27 Wheelbarrow
12:23 Horse Collar
12:33 Double-Bit Axe
17:11 Castle Age
16:03 Gold Mining
17:38 Fletching
21:22 Husbandry
26:41 Heavy Plow
30:17 Hand Cart
Schokoladeneis
0:26 Loom
11:16 Feudal Age
12:47 Wheelbarrow
15:08 Castle Age
13:21 Double-Bit Axe
13:22 Horse Collar
26:01 Hand Cart
27:02 Gold Mining
31:31 Gold Shaft Mining
32:43 Forging
35:14 Iron Casting
Connection lost

Rejoining the realm…

Still unreachable

The connection could not be restored.

Session expired

The server has moved on; the page needs a fresh start.